 Dungeon Crawl Stone Soup version 0.21.1-1-g345015fe64 (webtiles) character file.

316180 xarlamp the Executioner (level 22, -19/139 HPs)
             Began as a Formicid Fighter on May 13, 2018.
             Was the Champion of Okawaru.
             Demolished by an azure jelly (24 damage)
             ... on level 2 of the Pits of Slime on June 2, 2018.
             The game lasted 03:57:28 (40018 turns).

xarlamp the Executioner (Formicid Fighter)         Turns: 40018, Time: 03:57:28

Health: -19/139    AC: 20    Str: 32      XL:     22   Next: 34%
Magic:  23/26      EV: 19    Int:  5 (6)  God:    Okawaru [******]
Gold:   748        SH: 32    Dex:  9      Spells: 21/21 levels left

rFire    + . .     SeeInvis +   S - +12 executioner's axe of Deohaocs {drain, rF+ Stlth+}
rCold    . . .     Gourm    .   u - +4 large shield {reflect}
rNeg     + . .     Faith    .   H - +6 scale mail of a Thousand Wonders {+Fly rPois rCorr Dex-4}
rPois    +         Spirit   .   (helmet unavailable)
rElec    +         Reflect  +   s - scarf {repulsion}
rCorr    +         Harm     .   F - +2 pair of gloves {Str+3}
MR       +++++     Clarity  +   L - +0 pair of boots {run}
Stlth    +++++.....             X - amulet of the Four Winds {rN+ MR+++ Clar}
HPRegen  0.33/turn              V - ring of Impatience {+Blink rElec rPois Int-5 Stlth+}
MPRegen  0.20/turn              D - +6 ring of evasion

@: heroism, repel missiles, quick
A: permanent stasis, dig shafts and tunnels, four strong arms, antennae 3, thin
skeletal structure 1, camouflage 1, clever 1, deformed body, deterioration 1,
screaming 1
}: 2/15 runes: barnacled, gossamer
a: Dig, Shaft Self, Heroism, Finesse, Renounce Religion, Evoke Flight


You were on level 2 of the Pits of Slime.
You worshipped Okawaru.
Okawaru was exalted by your worship.
You were not hungry.

You visited 8 branches of the dungeon, and saw 38 of its levels.
You visited the Abyss 1 time.
You also visited: Labyrinth and Ice Cave.

You collected 4669 gold pieces.
You spent 3921 gold pieces at shops.

Inventory:

Hand Weapons
 S - the +12 executioner's axe of Deohaocs (weapon) {drain, rF+ Stlth+}
   (Okawaru gifted it to you in a labyrinth)

   A truly terrible weapon, it drains the life of those it strikes.
   It protects you from fire.
   It makes you more stealthy.
Armour
 b - the +5 plate armour "Urolup" {Dex+2}
   (You bought it in a shop on level 4 of the Shoals)

   It affects your dexterity (+2).
 j - the +4 scale mail of Optimism {MR+ Regen+ Int-2 Dex+4}
   (You bought it in a shop on level 7 of the Dungeon)

   It affects your intelligence (-2).
   It affects your dexterity (+4).
   It affects your resistance to hostile enchantments.
   It increases your rate of regeneration.
 s - a scarf of repulsion (worn)
 u - a +4 large shield of reflection (worn)
 y - a +2 cloak of invisibility
 E - the +2 cloak of Starshine {rC+++ Regen+ Str-4 Dex-5}
   (You found it in an ice cave)

   It affects your strength (-4).
   It affects your dexterity (-5).
   It renders you almost immune to cold.
   It increases your rate of regeneration.
 F - a +2 pair of gloves of strength (worn)
 H - the +6 scale mail of a Thousand Wonders (worn) {+Fly rPois rCorr Dex-4}
   (You bought it in a shop on level 7 of the Dungeon)

   It affects your dexterity (-4).
   It protects you from poison.
   It lets you fly.
   It protects you from acid and corrosion.
 L - a +0 pair of boots of running (worn)
Jewellery
 a - an uncursed ring of protection from fire
 d - an uncursed ring of stealth {unknown}
 l - the ring "Zeihanlu" {rCorr +Blink +Fly Str-4 Int+3}
   (You took it off a deep elf demonologist on level 2 of the Elven Halls)

   [ring of resist corrosion]

   It affects your strength (-4).
   It affects your intelligence (+3).
   It lets you fly.
   It lets you blink.
 q - an uncursed ring of protection from fire
 D - a +6 ring of evasion (right hand)
 M - a +6 amulet of reflection
 N - an uncursed amulet of regeneration
 U - the amulet of the Air {Inacc +Fly rElec EV+5 RMsl}
   (You found it on level 3 of the Elven Halls)

   [amulet of inaccuracy]

   It reduces the accuracy of all your attacks.
   It affects your evasion (+5).
   It insulates you from electricity.
   It lets you fly.
   It protects you from missiles.
 V - the ring of Impatience (left hand) {+Blink rElec rPois Int-5 Stlth+}
   (You found it in a labyrinth)

   [ring of stealth]

   It affects your intelligence (-5).
   It insulates you from electricity.
   It protects you from poison.
   It lets you blink.
   It makes you more stealthy.
 X - the amulet of the Four Winds (around neck) {rN+ MR+++ Clar}
   (You bought it in a shop on level 3 of the Shoals)

   [amulet of nothing]

   It protects you from negative energy.
   It affects your resistance to hostile enchantments.
   It protects you against confusion.
 Z - an uncursed ring of protection from cold
Wands
 G - a wand of polymorph (7)
 P - a wand of acid (12)
 Y - a wand of iceblast (10)
Scrolls
 g - 10 scrolls of enchant weapon
 h - a scroll of amnesia
 i - 9 scrolls of fear
 k - 21 scrolls of remove curse
 n - 3 scrolls of brand weapon
 p - 24 scrolls of identify
 r - 3 scrolls of fog
 x - 3 scrolls of summoning
 B - 3 scrolls of magic mapping
Potions
 c - 6 potions of agility
 e - 19 potions of curing
 m - 4 potions of flight
 t - a potion of invisibility
 v - 3 potions of resistance
 w - 5 potions of brilliance
 z - 2 potions of magic {unknown}
 I - 2 potions of cancellation
 J - 6 potions of lignification
 O - 5 potions of ambrosia
 R - a potion of experience {unknown}
Books
 Q - a book of Flames

   Spells                             Type                      Level
   a - Flame Tongue                   Conjuration/Fire             1
   b - Throw Flame                    Conjuration/Fire             2
   c - Conjure Flame                  Conjuration/Fire             3
   d - Inner Flame                    Hexes/Fire                   3
   e - Sticky Flame                   Conjuration/Fire             4
   f - Fireball                       Conjuration/Fire             5
Miscellaneous
 o - a phantom mirror
 C - a lamp of fire
Comestibles
 f - 53 rations


   Skills:
 - Level 3.2(8.2) Fighting
 * Level 24.1(27) Axes
 + Level 16.7(21.7) Armour
 * Level 22.9(27) Shields
 - Level 6.5 Invocations
 - Level 5.9 Evocations


You had 21 spell levels left.
You didn't know any spells.

Dungeon Overview and Level Annotations

Branches:
Dungeon (15/15)            Temple (1/1) D:6            Lair (6/6) D:9
 Shoals (4/4) Lair:2       Spider (4/4) Lair:4        Slime (3/5) Lair:6
    Orc (2/2) D:10            Elf (3/3) Orc:2        Vaults (0/5) D:14
 Depths (0/5) D:15

Altars:
Ashenzari
Cheibriados
Dithmenos
Elyvilon
Fedhas
Gozag
Hepliaklqana
Kikubaaqudgha
Makhleb
Nemelex Xobeh
Okawaru
Qazlal
Ru
Sif Muna
Trog
Uskayaw
Vehumet
Wu Jian
Xom
Yredelemnul
Zin
The Shining One
Beogh

Shops:
D:5 *   D:7 [[   D:12 *   Orc:2 ![[:   Elf:1 !:[   Elf:2 [(   Elf:3 :
Shoals:2 (   Shoals:3 =   Shoals:4 [

Annotations:
Slime:3 Dissolution


Innate Abilities, Weirdness & Mutations

You cannot be hasted, slowed, berserked, paralysed or teleported.
You can dig through walls and to a lower floor.
Your four strong arms can wield two-handed weapons with a shield.
You have a pair of large antennae on your head. (SInv)
You have a somewhat thin skeletal structure. (Dex +2, Stealth)
Your skin changes colour to match your surroundings (Stealth+).
Your mind is acute. (Int +2)
Armour fits poorly on your strangely shaped body.
Your body sometimes deteriorates upon taking damage.
You occasionally shout uncontrollably at your foes.


Message History

The azure jelly closely misses you.
You feel much better. You block the death ooze's attack.
The death ooze hits you!
* * * LOW HITPOINT WARNING * * *
You block the azure jelly's attack. The azure jelly closely misses you.
You block the azure jelly's attack. x2
You are too injured to fight recklessly!
You barely miss the azure jelly.
The azure jelly is heavily wounded.
You slice the death ooze!! You block the death ooze's attack.
The death ooze hits you!!
* * * LOW HITPOINT WARNING * * *
You block the azure jelly's attack.
The azure jelly hits you but does no damage. x2
You block the azure jelly's attack.
You gain the combat prowess of a mighty hero.
You block the death ooze's attack. x2; The azure jelly hits you!
* * * LOW HITPOINT WARNING * * *
The azure jelly freezes you!!
You die...

#. #####.##........## ..
###................#
#.#.##.................##
...........#.<.....#..#.##
#.#.##....##........#....#
##...##.............###
#....#.......<<....##.##
##......................#
##..........@J...........#
#..........J............###
#.......................#.##
##.........................#
##.#..........###.##.....##
##.#.........## ###....###
#......#......## ##.#.#
##.....#.......# ##...#
##.#.........## #.##


You could see an azure jelly and a death ooze.

Vanquished Creatures
  Jorgrun (Elf:3)
  3 deep elf blademasters
  A deep elf master archer (Elf:3)
  4 acid blobs
  Polyphemus (Shoals:4)
  Agnes (Elf:1)
  Gastronok (D:12)
  An azure jelly (Slime:2)
  Donald (Elf:3)
  Ilsuiw (Shoals:4)
  6 deep elf sorcerers
  A frost giant (IceCv)
  5 ghost moths
  8 emperor scorpions
  5 deep elf elementalists
  A stone giant (Orc:1)
  The ghost of Tali the Severer, a journeyman MiBe of Trog (Lair:6)
  A large abomination (Elf:3)
  7 deep elf annihilators
  7 deep elf demonologists
  A dire elephant (D:15)
  A spark wasp (Spider:4)
  11 merfolk impalers
  A fire dragon (D:15)
  7 deep elf death magi
  A minotaur (Lab)
  The ghost of Kejsarherre the Cleaver, a journeyman DDFi (D:9)
  5 merfolk javelineers (Shoals:4)
  A deep elf high priest (Elf:3)
  An ogre mage (D:15)
  The ghost of frocskos the Grappler, a journeyman TrMo of Hepliaklqana (D:10)
  Erolcha (Orc:2)
  4 hydras
  Harold (Orc:1)
  Fannar (D:12)
  A great orb of eyes (Slime:2)
  An ice dragon (Lair:6)
  4 centaur warriors
  An alligator snapping turtle (Shoals:2)
  A catoblepas (Shoals:3)
  2 merfolk avatars (Shoals:3)
  4 merfolk aquamancers
  21 death yaks
  7 two-headed ogres
  20 dancing weapons
  3 orc high priests
  26 deep elf knights
  Nergalle (Orc:1)
  A small abomination (Elf:3)
  5 skeletal warriors (D:14)
  12 sea snakes
  4 unseen horrors
  A wizard (D:14)
  An orc knight (D:15)
  A kraken simulacrum (Shoals:4)
  A lindwurm (Lair:6)
  29 wolf spiders
  11 deep elf archers
  9 orc sorcerers (Orc:2)
  14 ugly things
  9 harpies
  3 cyclopes
  12 manticores
  2 shining eyes
  18 orb spiders
  13 fauns
  A faun (shapeshifter) (Elf:1)
  61 deep elf magi
  A moth of wrath (Spider:4)
  An oklob plant (Lair:1)
  Maurice (D:12)
  13 elephants
  11 merfolk sirens
  A guardian serpent (Lair:6)
  8 black mambas
  6 torpor snails
  8 water nymphs
  4 centaur skeletons
  An ice statue (IceCv)
  4 gargoyles
  A kobold demonologist (D:13)
  16 spiny frogs
  2 rime drakes
  17 demonic crawlers
  8 komodo dragons
  A meliai (shapeshifter) (D:14)
  30 merfolk
  5 trolls
  14 polar bears (IceCv)
  30 jumping spiders
  4 tyrant leeches (Lair:6)
  A wind drake (shapeshifter) (Elf:1)
  20 hornets
  2 hornets (shapeshifter)
  21 slime creatures
  5 wind drakes
  9 hippogriffs
  24 dream sheep
  4 blink frogs (Lair:6)
  A meliai zombie (D:13)
  9 snapping turtles
  3 vampires
  2 shadows
  67 redbacks
  80 yaks
  11 water elementals
  2 air elementals
  4 hogs (D:10)
  3 humans
  26 tarantellas
  7 golden eyes (Slime:1)
  2 basilisks
  3 fire elementals
  12 wyverns
  3 hungry ghosts
  A warg (Orc:2)
  3 vampire mosquitoes (D:11)
  2 soldier ants (D:14)
  3 acid dragons
  8 porcupines
  22 water moccasins
  31 orc warriors
  6 sky beasts
  2 eyes of draining (Slime:1)
  2 ice beasts
  3 phantoms
  A black bear (D:12)
  20 ogres
  A necrophage (D:15)
  16 wolves
  21 centaurs
  9 crocodiles
  A big kobold (D:11)
  19 bullfrogs
  6 earth elementals
  A water moccasin zombie (D:9)
  A wyvern skeleton (D:8)
  4 scorpions
  22 killer bees
  10 wights
  2 electric eels (Lair:1)
  A howler monkey (D:8)
  4 crimson imps
  A bullfrog zombie (D:12)
  3 centaur zombies
  3 hounds
  4 jellies
  18 orc priests
  7 iguanas
  41 orc wizards
  5 hell rats (Lair:6)
  10 worker ants
  2 hound skeletons
  2 howler monkey zombies
  6 gnolls (D:3)
  14 adders
  5 shadow imps
  4 oozes
  An adder zombie (D:6)
  4 worms
  2 adder skeletons
  3 dart slugs
  A leopard gecko (D:4)
  104 orcs
  4 bats
  A bat zombie (D:2)
  7 giant cockroaches
  6 goblins
  8 hobgoblins
  9 jackals
  3 quokkas
  A ball python (D:2)
  12 frilled lizards
  A giant cockroach zombie (D:2)
  11 kobolds
  2 leopard gecko skeletons (D:6)
  A leopard gecko zombie (D:2)
  9 rats
  A crawling corpse (Elf:3)
  6 fungi
  26 plants
1473 creatures vanquished.

Vanquished Creatures (others)
  A deep elf master archer (Elf:3)
  Louise (Elf:1)
  4 merfolk javelineers
  A rakshasa (D:15)
  2 satyrs
  A centaur warrior (Shoals:1)
  2 deep elf archers
  A wolf spider (Spider:4)
  4 fauns
  A cyclops (Shoals:3)
  2 manticores
  A deep elf mage (Elf:1)
  A jumping spider (Spider:2)
  A merfolk (Shoals:4)
  3 humans (Lair:5)
  2 wolves (IceCv)
  8 centaurs
  A bush (Lair:6)
  18 fungi
  18 plants
  3 tentacles (Shoals:4)
76 creatures vanquished.

Grand Total: 1549 creatures vanquished

Notes
Turn   | Place    | Note
-------+----------+-------------------------------------------
     0 | D:1      | xarlamp the Formicid Fighter began the quest for the Orb.
     0 | D:1      | Reached XP level 1. HP: 18/18 MP: 1/1
   157 | D:1      | Reached XP level 2. HP: 22/24 MP: 2/2
   159 | D:1      | You fall through a shaft!
   172 | D:2      | Found a shimmering altar of Xom.
   398 | D:1      | Reached skill level 3 in Axes
   445 | D:1      | Reached XP level 3. HP: 25/29 MP: 3/3
   785 | D:2      | Reached skill level 4 in Axes
   785 | D:2      | Reached XP level 4. HP: 18/35 MP: 4/4
  1064 | D:2      | Found a sparkling altar of Nemelex Xobeh.
  1437 | D:2      | Found a sacrificial altar of Ru.
  1615 | D:3      | Reached XP level 5. HP: 33/41 MP: 5/5
  2007 | D:3      | Reached skill level 5 in Axes
  2209 | D:3      | Noticed an ogre
  2232 | D:3      | Killed an ogre
  2232 | D:3      | Reached skill level 6 in Axes
  2232 | D:3      | Reached XP level 6. HP: 47/47 MP: 6/6
  3379 | D:4      | Reached XP level 7. HP: 52/52 MP: 7/7
  3408 | D:4      | Reached skill level 7 in Axes
  3917 | D:5      | Entered Level 5 of the Dungeon
  3954 | D:5      | Found Fayfoumy's General Store.
  4405 | D:5      | Reached skill level 8 in Axes
  4610 | D:5      | Bought 2 potions of agility for 104 gold pieces
  4641 | D:5      | Reached XP level 8. HP: 38/58 MP: 8/8
  4983 | D:5      | Found a radiant altar of Vehumet.
  5134 | D:6      | Reached skill level 9 in Axes
  5704 | D:6      | Reached skill level 10 in Axes
  5854 | D:6      | Found a staircase to the Ecumenical Temple.
  5891 | Temple   | Entered the Ecumenical Temple
  6498 | D:7      | Reached XP level 9. HP: 33/64 MP: 9/9
  6702 | D:7      | Reached skill level 11 in Axes
  7177 | D:7      | Found Faig's Antique Armour Emporium.
  7236 | D:7      | Reached skill level 12 in Axes
  7419 | D:7      | Found Qichegakh's Antique Armour Boutique.
  7633 | D:8      | Found a white marble altar of Elyvilon.
  7676 | D:8      | Found a glowing golden altar of the Shining One.
  7754 | D:8      | Found an iron altar of Okawaru.
  7801 | D:8      | Became a worshipper of Warmaster Okawaru
  7803 | D:8      | Found a radiant altar of Vehumet.
  7804 | D:8      | Found a basalt altar of Yredelemnul.
  7804 | D:8      | Found a shattered altar of Ashenzari.
  7804 | D:8      | Found an opulent altar of Gozag.
  7809 | D:8      | Found a burning altar of Makhleb.
  7937 | D:8      | Reached XP level 10. HP: 54/70 MP: 10/10
  8040 | D:8      | Found a stormy altar of Qazlal.
  8060 | D:8      | Reached skill level 13 in Axes
  8399 | D:7      | Bought a crude scale mail for 279 gold pieces
  8409 | D:7      | Identified the +6 scale mail of a Thousand Wonders {+Fly rPois rCorr Dex-4} (You bought it in a shop on level 7 of the Dungeon)
  8474 | D:8      | Reached * piety under Okawaru
  9133 | D:9      | Reached skill level 14 in Axes
  9154 | D:9      | Reached ** piety under Okawaru
  9573 | D:9      | Found a staircase to the Lair.
  9589 | Lair:1   | Entered Level 1 of the Lair of Beasts
  9591 | Lair:1   | Noticed a spiny frog
  9607 | D:9      | Noticed Kejsarherre's ghost (journeyman DDFi)
  9627 | D:9      | Killed Kejsarherre's ghost
  9627 | D:9      | Reached *** piety under Okawaru
  9627 | D:9      | Reached skill level 15 in Axes
  9627 | D:9      | Reached XP level 11. HP: 24/75 MP: 11/11
 10819 | D:10     | Entered Level 10 of the Dungeon
 11041 | D:10     | Noticed frocskos's ghost (journeyman TrMo)
 11078 | D:10     | Killed frocskos's ghost
 11078 | D:10     | Reached **** piety under Okawaru
 11078 | D:10     | Reached skill level 5 in Shields
 11313 | D:10     | Found a staircase to the Orcish Mines.
 11331 | D:10     | Identified Sif Muna's Disquisition on Torrid Summoning
 11815 | D:10     | Noticed an unseen horror
 11838 | D:10     | Killed an unseen horror
 11838 | D:10     | Reached ***** piety under Okawaru
 12060 | Orc:1    | Entered Level 1 of the Orcish Mines
 12114 | Orc:1    | Reached skill level 5 in Armour
 12122 | Orc:1    | Noticed Harold
 12378 | Orc:1    | Killed Harold
 12676 | Orc:1    | Noticed Nergalle
 12715 | Orc:1    | Killed Nergalle
 12715 | Orc:1    | Reached XP level 12. HP: 35/81 MP: 12/12
 13183 | D:7      | Bought a dazzling scale mail for 279 gold pieces
 13193 | D:7      | Identified the +4 scale mail of Optimism {MR+ Regen+ Int-2 Dex+4} (You bought it in a shop on level 7 of the Dungeon)
 13285 | Orc:2    | Entered Level 2 of the Orcish Mines
 13305 | Orc:2    | Found a labyrinth entrance.
 13325 | Orc:2    | Found a staircase to the Elven Halls.
 13398 | Lab      | Entered a labyrinth
 13505 | Lab      | Noticed a minotaur
 13514 | Lab      | Killed a minotaur
 13514 | Lab      | Received a gift from Okawaru
 13514 | Lab      | Reached skill level 16 in Axes
 13520 | Lab      | Got an ancient executioner's axe {god gift}
 13521 | Lab      | Identified the +12 executioner's axe of Deohaocs {drain, rF+ Stlth+} (Okawaru gifted it to you in a labyrinth)
 13525 | Lab      | Identified the Handbook of Ghastly Malediction
 13525 | Lab      | Identified the Almanac of Captivating Augmentations
 13526 | Lab      | Got a heavily runed marble ring
 13539 | Lab      | Got a slimy chain mail
 13586 | Orc:1    | Identified the cursed +1 chain mail of Springtime {+Fly rElec rF+ SInv} (You found it in a labyrinth)
 13597 | Orc:1    | Identified the ring of Impatience {+Blink rElec rPois Int-5 Stlth+} (You found it in a labyrinth)
 13680 | Orc:1    | Noticed a stone giant
 13698 | Orc:1    | Killed a stone giant
 13889 | Orc:2    | Noticed an orc high priest
 13896 | Orc:2    | Noticed a sun demon
 13914 | Orc:2    | Killed an orc high priest
 14104 | Orc:2    | Found Erogoc's Distillery.
 14116 | Orc:2    | Found a radiant altar of Vehumet.
 14118 | Orc:2    | Noticed Erolcha
 14563 | Lair:1   | Received a gift from Okawaru
 15190 | Lair:2   | Reached XP level 13. HP: 82/86 MP: 13/13
 15200 | Lair:2   | Reached skill level 1 in Invocations
 15200 | Lair:2   | Reached skill level 1 in Evocations
 15202 | Lair:2   | Reached skill level 17 in Axes
 15206 | Lair:2   | Reached skill level 10 in Shields
 15636 | Lair:2   | Noticed a seven-headed hydra
 15643 | Lair:2   | Killed a seven-headed hydra
 15735 | Lair:2   | Found a staircase to the Shoals.
 16121 | Lair:3   | Found a frozen archway.
 16137 | IceCv    | Entered an ice cave
 16205 | IceCv    | Got an encrusted cloak
 16211 | IceCv    | Identified the +2 cloak of Starshine {rC+++ Regen+ Str-4 Dex-5} (You found it in an ice cave)
 16231 | IceCv    | Reached ****** piety under Okawaru
 16245 | IceCv    | Received a gift from Okawaru
 16415 | IceCv    | Reached skill level 5 in Invocations
 16476 | IceCv    | Noticed a frost giant
 16480 | IceCv    | Reached XP level 14. HP: 93/93 MP: 17/17
 16492 | IceCv    | Killed a frost giant
 16522 | IceCv    | Reached skill level 5 in Evocations
 17511 | Lair:4   | Reached skill level 18 in Axes
 17616 | Lair:4   | Identified the Almanac of Untold Secrets
 17753 | Lair:4   | Found a hole to the Spider Nest.
 18279 | Lair:5   | Received a gift from Okawaru
 18912 | Lair:5   | Reached skill level 10 in Armour
 18930 | Lair:5   | Received a gift from Okawaru
 18949 | Lair:5   | Got a shimmering war axe {god gift}
 18950 | Lair:5   | Identified the +4 war axe of the Hills {antimagic, rPois MR+} (Okawaru gifted it to you on level 5 of the Lair of Beasts)
 19192 | Lair:6   | Entered Level 6 of the Lair of Beasts
 19198 | Lair:5   | Reached XP level 15. HP: 98/98 MP: 19/19
 19475 | Lair:6   | Found a staircase to the Slime Pits.
 19490 | Lair:6   | Noticed Tali's ghost (journeyman MiBe)
 19504 | Lair:6   | Killed Tali's ghost
 19597 | Lair:6   | Received a gift from Okawaru
 19597 | Lair:6   | Reached skill level 19 in Axes
 19620 | Lair:6   | Got an ichor-stained war axe {god gift}
 19621 | Lair:6   | Identified the +8 war axe of the Poles {protect, rPois rF+ rN+} (Okawaru gifted it to you on level 6 of the Lair of Beasts)
 20042 | Lair:6   | Received a gift from Okawaru
 20356 | Lair:6   | Found a runed door.
 20412 | Lair:6   | Reached XP level 16. HP: 104/104 MP: 20/20
 20789 | Orc:2    | Killed Erolcha
 20802 | Orc:2    | Found Haenemih's Antique Armour Emporium.
 20847 | Orc:2    | Bought a runed scarf for 304 gold pieces
 20868 | Orc:2    | Found an ancient bone altar of Kikubaaqudgha.
 20872 | Orc:2    | Found Imequrghi's Antique Armour Emporium.
 20895 | Orc:2    | Found a roughly hewn altar of Beogh.
 20902 | Orc:2    | Found Ruycai's Book Shoppe.
 20960 | Orc:2    | Bought a potion of curing for 39 gold pieces
 20960 | Orc:2    | Bought a potion of ambrosia for 104 gold pieces
 20960 | Orc:2    | Bought a potion of curing for 39 gold pieces
 20960 | Orc:2    | Bought a potion of curing for 39 gold pieces
 20960 | Orc:2    | Bought 2 potions of curing for 78 gold pieces
 20960 | Orc:2    | Bought a potion of cancellation for 104 gold pieces
 20960 | Orc:2    | Bought 2 potions of resistance for 260 gold pieces
 20960 | Orc:2    | Bought 2 potions of degeneration for 26 gold pieces
 20960 | Orc:2    | Bought a potion of agility for 52 gold pieces
 20960 | Orc:2    | Bought a potion of agility for 52 gold pieces
 21547 | D:11     | Found an opulent altar of Gozag.
 21702 | D:11     | Reached skill level 15 in Shields
 21920 | D:12     | Noticed Gastronok
 21929 | D:12     | Killed Gastronok
 22075 | D:12     | Found Yvolom's General Store.
 22090 | D:12     | Noticed Maurice
 22098 | D:12     | Killed Maurice
 22236 | D:12     | Noticed Fannar
 22273 | D:12     | Killed Fannar
 23024 | D:13     | Received a gift from Okawaru
 23257 | D:13     | Reached skill level 20 in Axes
 23533 | D:14     | Found a gate to the Vaults.
 23823 | D:14     | Received a gift from Okawaru
 23826 | D:14     | Got a transparent broad axe {god gift}
 23827 | D:14     | Identified the +4 broad axe of Symmetry {chop, -Tele rN+ Dex+2} (Okawaru gifted it to you on level 14 of the Dungeon)
 23960 | D:15     | Entered Level 15 of the Dungeon
 23991 | D:15     | Reached XP level 17. HP: 109/109 MP: 21/21
 24357 | D:15     | Found a roughly hewn altar of Beogh.
 24420 | D:15     | Received a gift from Okawaru
 24440 | D:15     | Gained mutation: You are resistant to electric shocks. (rElec) [potion of mutation]
 24440 | D:15     | Gained mutation: Scrolls take you a little longer to read. [potion of mutation]
 24440 | D:15     | Gained mutation: You have an increased reservoir of magic. (+10% MP) [potion of mutation]
 24738 | D:15     | Found a staircase to the Depths.
 24947 | Elf:1    | Entered Level 1 of the Elven Halls
 24947 | Elf:1    | Noticed Louise
 25015 | Elf:1    | Killed Louise
 25315 | Elf:1    | Found Waicaw's Book Shop.
 25315 | Elf:1    | Found Poczovoll's Armour Boutique.
 25461 | Elf:1    | Noticed Agnes
 25465 | Elf:1    | Killed Agnes
 25465 | Elf:1    | Reached skill level 21 in Axes
 25494 | Elf:1    | Reached XP level 18. HP: 116/116 MP: 25/25
 25495 | Elf:1    | Received a gift from Okawaru
 25516 | Elf:1    | Identified a +0 pair of boots of running (Okawaru gifted it to you on level 1 of the Elven Halls)
 25751 | Elf:1    | Lost mutation: You are resistant to electric shocks. (rElec) [potion of mutation]
 25751 | Elf:1    | Lost mutation: Scrolls take you a little longer to read. [potion of mutation]
 25751 | Elf:1    | Lost mutation: You have an increased reservoir of magic. (+10% MP) [potion of mutation]
 25751 | Elf:1    | Gained mutation: You occasionally shout uncontrollably at your foes. [potion of mutation]
 25751 | Elf:1    | Gained mutation: Your spells are a little harder to cast, but a little more powerful. [potion of mutation]
 25751 | Elf:1    | Gained mutation: Your mind is acute. (Int +2) [potion of mutation]
 25752 | Elf:1    | Lost mutation: Your spells are a little harder to cast, but a little more powerful. [potion of mutation]
 25752 | Elf:1    | Lost mutation: Your mind is acute. (Int +2) [potion of mutation]
 25752 | Elf:1    | Gained mutation: Your skin changes colour to match your surroundings (Stealth+). [potion of mutation]
 25752 | Elf:1    | Gained mutation: Your mind is acute. (Int +2) [potion of mutation]
 25752 | Elf:1    | Gained mutation: You have a somewhat thin skeletal structure. (Dex +2, Stealth) [potion of mutation]
 26223 | Elf:1    | Found Jinoa's Distillery.
 26227 | Elf:1    | Bought a potion of curing for 48 gold pieces
 26227 | Elf:1    | Bought 2 potions of curing for 96 gold pieces
 26252 | Elf:1    | Found a deep blue altar of Sif Muna.
 26609 | Elf:2    | Found Qour's Antique Weapon Boutique.
 26630 | Elf:2    | Found Xotziev's Armour Shop.
 26791 | Elf:2    | Found a huge runed gate.
 26791 | Elf:2    | Found a huge runed gate.
 26791 | Elf:2    | Found a huge runed gate.
 26791 | Elf:2    | Found a huge runed gate.
 26792 | Elf:2    | Found a huge runed gate.
 26928 | Elf:2    | Received a gift from Okawaru
 27111 | Elf:2    | Noticed a deep elf blademaster
 27116 | Elf:2    | Killed a deep elf blademaster
 27642 | Elf:3    | Entered Level 3 of the Elven Halls
 27684 | Elf:3    | Found Zeakk's Book Shoppe.
 27744 | Elf:3    | Received a gift from Okawaru
 27792 | Elf:3    | Noticed a deep elf master archer
 27833 | Elf:3    | Noticed a deep elf blademaster
 27849 | Elf:3    | Killed a deep elf blademaster
 27864 | Elf:3    | Reached XP level 19. HP: 21/121 MP: 23/23
 27865 | Elf:3    | Cast into level 2 of the Abyss (a ghostly deep elf sorcerer)
 27900 | Abyss:2  | Found a corrupted altar of Lugonu.
 27915 | Elf:3    | Escaped the Abyss
 28163 | Elf:3    | Noticed Jorgrun
 28172 | Elf:2    | Reached skill level 22 in Axes
 28238 | Elf:3    | Killed Jorgrun
 28238 | Elf:3    | Received a gift from Okawaru
 28260 | Elf:3    | Noticed Donald
 28273 | Elf:3    | Killed Donald
 28574 | Elf:3    | Identified the Handbook of Attacks
 28716 | Elf:3    | Noticed an Ice Fiend
 28722 | Elf:2    | Got a translucent lapis lazuli ring
 28756 | Elf:3    | Noticed a deep elf blademaster
 28845 | Elf:3    | Killed a deep elf blademaster
 29106 | Elf:3    | Noticed an Ice Fiend
 29119 | Elf:3    | Noticed a Hell Sentinel
 29576 | Elf:3    | Identified the Catalogue of Orientation and Flames
 29592 | Elf:3    | Found the amulet of the Air {Inacc +Fly rElec EV+5 RMsl}
 29601 | Elf:3    | Identified Theurgy, Part Five
 29604 | Elf:3    | Identified the Incunabulum of Bewitchment
 29668 | Elf:3    | Got a smelly ring mail
 29679 | Elf:3    | Identified the +6 ring mail of the Blind Marksman {MR+ Str+4} (You took it off a deep elf high priest on level 3 of the Elven Halls)
 30035 | Shoals:1 | Entered Level 1 of the Shoals
 30065 | Shoals:1 | Reached skill level 15 in Armour
 30072 | Shoals:1 | Reached XP level 20. HP: 110/127 MP: 24/24
 30531 | Shoals:1 | Identified the ring "Zeihanlu" {rCorr +Blink +Fly Str-4 Int+3} (You took it off a deep elf demonologist on level 2 of the Elven Halls)
 31013 | Shoals:2 | Found Cairabat's Antique Weapon Boutique.
 31603 | Shoals:3 | HP: 3/127 [water nymph/the raging water (19)]
 31776 | Shoals:3 | Received a gift from Okawaru
 31853 | Shoals:3 | Found Ywavutydgh's Jewellery Shoppe.
 31882 | Shoals:3 | Bought the amulet of the Four Winds {rN+ MR+++ Clar} for 834 gold pieces
 31882 | Shoals:3 | Found the amulet of the Four Winds {rN+ MR+++ Clar}
 32261 | Shoals:4 | Entered Level 4 of the Shoals
 32559 | Shoals:4 | Found Mackaon's Antique Armour Boutique.
 32590 | Shoals:4 | Bought a bloodstained plate armour for 896 gold pieces
 32590 | Shoals:4 | Bought a bronze scale mail for 288 gold pieces
 32609 | Shoals:4 | Identified the +5 plate armour "Urolup" {Dex+2} (You bought it in a shop on level 4 of the Shoals)
 32619 | Shoals:4 | Identified the +1 scale mail "Owanler" {rN+} (You bought it in a shop on level 4 of the Shoals)
 32662 | Shoals:4 | Noticed Ilsuiw
 32686 | Shoals:4 | Killed Ilsuiw
 32962 | Shoals:4 | Identified a scroll of acquirement
 33029 | Shoals:4 | Reached skill level 23 in Axes
 33097 | Shoals:4 | Noticed Polyphemus
 33485 | Shoals:4 | Killed Polyphemus
 33624 | Shoals:4 | Received a gift from Okawaru
 33635 | Shoals:4 | Got an ancient troll leather armour {god gift}
 33649 | Shoals:4 | Identified the +4 troll leather armour of Hopscotch {rN+ MR+ Regen+ Slay-6} (Okawaru gifted it to you on level 4 of the Shoals)
 33793 | Shoals:4 | Reached XP level 21. HP: 128/132 MP: 25/25
 34036 | Shoals:4 | Got a barnacled rune of Zot
 35010 | Spider:1 | Entered Level 1 of the Spider Nest
 36667 | Spider:3 | Received a gift from Okawaru
 37612 | Spider:4 | Entered Level 4 of the Spider Nest
 38464 | Spider:4 | Reached XP level 22. HP: 64/139 MP: 11/26
 38871 | Spider:4 | Got a gossamer rune of Zot
 38903 | Spider:4 | Received a gift from Okawaru
 39450 | Slime:1  | Entered Level 1 of the Pits of Slime
 39473 | Slime:1  | Gained mutation: Your body sometimes deteriorates upon taking damage. [a shining eye]
 39487 | Slime:1  | Reached skill level 24 in Axes
 39487 | Slime:1  | Gained mutation: Armour fits poorly on your strangely shaped body. [a shining eye]
 39505 | Slime:1  | Received a gift from Okawaru
 40010 | Slime:3  | Noticed Dissolution
 40018 | Slime:2  | HP: 5/139 [azure jelly (8)]
 40018 | Slime:2  | Demolished by an azure jelly

Skill      XL: |  1  2  3  4  5  6  7  8  9 10 11 12 13 14 15 16 17 18 19 20 21 22 |
---------------+-------------------------------------------------------------------+-----
Axes           | 3 4 6 8 10 12 15 16 17 18 19 20 21 22 23 24 | 24.1
Shields        | 7 9 11 12 14 16 17 19 20 21 22 | 22.9
Armour         | 5 7 9 10 11 12 13 14 15 16 | 16.7
Invocations    | 5 6 |  6.5
Evocations     | 4 5 |  5.9
Fighting       | |  3.2

Action                   |  1- 3 |  4- 6 |  7- 9 | 10-12 | 13-15 | 16-18 | 19-21 | 22-24 || total
-------------------------+-------+-------+-------+-------+-------+-------+-------+-------++-------
Melee: War axe           |   112 |   255 |   358 |       |       |       |       |       ||   725
       Battleaxe         |       |       |    13 |   558 |       |       |       |       ||   571
       Executioner's axe |       |       |       |   120 |   644 |   900 |  1183 |   123 ||  2970
Invok: Heroism           |       |       |       |     4 |     8 |     7 |     9 |     1 ||    29
 Abil: Dig               |       |       |     7 |    12 |    12 |     2 |     1 |       ||    34
       Evoke Flight      |       |       |       |       |       |     2 |    18 |       ||    20
Evoke: Wand              |       |       |       |       |    11 |     9 |     3 |       ||    23
  Use: Potion            |       |     1 |     9 |     6 |       |     7 |     4 |     2 ||    29
       Scroll            |       |       |       |    16 |     2 |    10 |     4 |     1 ||    33
 Stab: Invisible         |       |       |       |     8 |       |       |       |       ||     8
       Sleeping          |       |       |       |     1 |     3 |     7 |     7 |     2 ||    20
       Distracted        |       |       |       |       |       |     3 |     4 |       ||     7
       Petrifying        |       |       |       |       |       |       |     1 |       ||     1
       Held in net/web   |       |       |       |       |       |       |     2 |       ||     2
  Eat: Chunk             |       |     5 |    10 |    20 |    17 |    21 |    21 |     1 ||    95
       Ration            |       |     1 |     2 |     2 |     1 |     1 |     5 |     1 ||    13
Armor: Scale mail        |    44 |    87 |   110 |   175 |   135 |   111 |   265 |    39 ||   966
       Ring mail         |       |       |       |       |       |       |     1 |       ||     1
Dodge: Dodged            |    35 |    65 |   144 |   342 |   253 |   180 |   325 |    37 ||  1381
       Deflected         |       |       |       |       |       |       |       |     2 ||     2
Block: Shield            |    61 |    96 |   169 |   328 |   213 |       |       |       ||   867
       Large shield      |       |       |       |       |   310 |   784 |  1574 |   170 ||  2838
       Reflection        |       |       |       |       |       |   125 |   170 |     2 ||   297
